[Event "Titled Tuesday Blitz August 17 2021"]
[White "Lashkin, Jegor"]
[Black "Klabis, Rokas"]
[WhiteFideId "13907808"]
[BlackFideId "12805246"]
[WhiteElo "2293"]
[BlackElo "2275"]
[Result "1-0"]
[Round "05"]
[TimeControl "180+1"]
[Date "2021.08.17"]
[WhiteClock "0:00:06"]
[BlackClock "0:00:14"]

1. d4 Nf6 2. c4 e6 3. Nf3 Bb4+ 4. Bd2 a5 5. Nc3 O-O 6. a3 Bxc3 7. Bxc3 d6 8. e3 Qe7 9. Be2 Nbd7 10. O-O b6 11. b4 axb4 12. axb4 Bb7 13. Qb3 e5 14. d5 h6 15. Nd2 b5 16. e4 bxc4 17. Bxc4 Nb6 18. Bb5 Nh5 19. g3 f5 20. Rxa8 Bxa8 21. Be2 Nf6 22. f3 Nh7 23. Qc2 Ng5 24. h4 Nh7 25. b5 f4 26. g4 Qxh4 27. Rf2 Ng5 28. Bf1 Qg3+ 29. Rg2 Nxf3+ 30. Nxf3 Qxf3 31. Bd2 Qh3 32. Be1 Nxd5 33. Bc4 f3 34. Rg3 Qh4 35. exd5 Rf4 36. Bf1 Rxg4 37. Qh2 Qg5 38. Rxg4 Qxg4+ 39. Qg3 Qd4+ 40. Bf2 Qxd5 41. Qg4 Qf7 42. Qc8+ Kh7 43. Qxa8 d5 44. Qa4 e4 45. Qd4 Qg6+ 46. Kh2 Qh5+ 47. Bh3 Qg5 48. Qe3 Qe5+ 49. Bg3 Qb2+ 50. Bf2 Qxb5 51. Bf5+ g6 52. Be6 Qc6 53. Bh3 Qd6+ 54. Kg1 Qe5 55. Qd4 Qg5+ 56. Kh2 h5 57. Qc5 Qf4+ 58. Bg3 Qd2+ 59. Bf2 Qe2 60. Qxc7+ Kh6 61. Qf4+ Kh7 62. Qe3 d4 63. Qxd4 Kh6 64. Qe3+ Qxe3 65. Bxe3+ g5 66. Bf5 h4 67. Bxe4 Kh5 68. Bxf3+ g4 69. Be2 h3 70. Kg3 Kg6 71. Bxg4 Kf6 72. Bxh3 Ke5 73. Bg2 Kd6 74. Kf4 1-0


[Site "https://www.chess.com"]

[Event "Titled Tuesday Blitz August 17 2021"]
[White "Ljukin, Sergei"]
[Black "Shimelkov, Vasiliy"]
[WhiteFideId "14102200"]
[BlackFideId "13701630"]
[WhiteElo "2309"]
[BlackElo "2073"]
[Result "0-1"]
[Round "05"]
[TimeControl "180+1"]
[Date "2021.08.17"]
[WhiteClock "0:00:12"]
[BlackClock "0:00:34"]

1. e4 c5 2. Nf3 Nc6 3. d4 cxd4 4. Nxd4 Nf6 5. Nc3 e6 6. Nxc6 bxc6 7. e5 Nd5 8. Ne4 Qc7 9. f4 Ba6 10. c4 Nb6 11. b3 Be7 12. Nd6+ Bxd6 13. exd6 Qb7 14. Qg4 O-O 15. Bb2 f6 16. Bd3 Nxc4 17. Bc3 Ne3 18. Bxh7+ Kxh7 19. Qh3+ Kg8 20. Qxe3 c5 21. O-O-O Qxg2 22. Rhg1 Qxa2 23. Rd2 Qa3+ 24. Bb2 Qb4 25. Rdg2 Rf7 26. Bxf6 c4 27. Rxg7+ Rxg7 28. Rxg7+ Kf8 0-1


[Site "https://www.chess.com"]

[Event "Titled Tuesday Blitz August 17 2021"]
[White "Lock, Gavin R"]
[Black "Amitpal, Singh"]
[WhiteFideId "408646"]
[BlackFideId "5012899"]
[WhiteElo "2104"]
[BlackElo "2107"]
[Result "1-0"]
[Round "05"]
[TimeControl "180+1"]
[Date "2021.08.18"]
[WhiteClock "0:00:15"]
[BlackClock "0:00:10"]

1. d4 Nf6 2. Nf3 g6 3. g3 Bg7 4. Bg2 O-O 5. O-O d6 6. b3 Nc6 7. Bb2 a5 8. d5 Nb4 9. c4 c6 10. a3 Na6 11. dxc6 bxc6 12. Nd4 Bb7 13. Nxc6 Qc7 14. Nd4 Bxg2 15. Kxg2 Rab8 16. Nc3 Nc5 17. Ndb5 Qb7+ 18. f3 Ng4 19. Bc1 Bxc3 20. Nxc3 Qxb3 21. Qxb3 Nxb3 22. Rb1 Nxc1 23. Rfxc1 Ne3+ 24. Kf2 Nxc4 25. Rxb8 Rxb8 26. Nd5 Nxa3 27. Nxe7+ Kg7 28. Rc7 Nb5 29. Rc2 Re8 30. Nd5 Nd4 31. Ra2 Nc6 32. e4 Ra8 33. Ra4 f5 34. exf5 gxf5 35. h4 Ne5 36. Nc7 Rc8 37. Nb5 Rc5 38. Rxa5 Nc6 39. Ra6 Rxb5 40. Rxc6 Rd5 41. Ke3 Kf6 42. Rc7 h5 43. Kf4 Rd4+ 44. Ke3 Ke5 45. Rh7 Ra4 46. Rxh5 Ra3+ 47. Ke2 d5 48. g4 Ra2+ 49. Ke1 Kf4 50. Rxf5+ Kg3 51. h5 d4 52. h6 Ra7 53. Rh5 Rh7 54. Ke2 Kf4 55. g5 Kf5 56. f4 Kg6 57. Rh1 Re7+ 58. Kd3 Re3+ 59. Kxd4 Rf3 60. Ke4 Ra3 61. h7 Ra4+ 62. Kf3 Ra3+ 63. Kg4 Ra8 64. h8=Q Rxh8 65. Rxh8 Kg7 66. Rh6 Kf7 67. f5 Kg7 68. Kh5 Kg8 69. Ra6 Kg7 70. Ra7+ Kf8 71. Kg6 Ke8 72. Kf6 Kd8 73. g6 Kc8 74. Re7 Kb8 75. g7 Kc8 76. g8=Q# 1-0


[Site "https://www.chess.com"]

[Event "Titled Tuesday Blitz August 17 2021"]
[White "Lopez Gracia, Fernando"]
[Black "Christensen, Thomas"]
[WhiteFideId "2207184"]
[BlackFideId "1403532"]
[WhiteElo "2351"]
[BlackElo "2243"]
[Result "1-0"]
[Round "05"]
[TimeControl "180+1"]
[Date "2021.08.18"]
[WhiteClock "0:00:38"]
[BlackClock "0:00:01"]

1. c4 Nc6 2. e4 e5 3. Nc3 Bc5 4. Nf3 d6 5. Be2 a6 6. O-O Nge7 7. d3 O-O 8. Be3 Bxe3 9. fxe3 f5 10. Nd2 Ng6 11. exf5 Bxf5 12. Nde4 Qh4 13. g3 Qh6 14. Qd2 Bh3 15. Rf2 Rxf2 16. Nxf2 Nd4 17. Rd1 Nxe2+ 18. Qxe2 Rf8 19. Nxh3 Qxh3 20. Rf1 Rxf1+ 21. Qxf1 Qxf1+ 22. Kxf1 Kf7 23. Kf2 Ke6 24. d4 c6 25. b4 Ne7 26. Kf3 Nf5 27. Ne2 d5 28. c5 e4+ 29. Kf2 g5 30. Nc1 h6 31. Nb3 Kd7 32. Na1 Ke6 33. Nc2 Kd7 34. Kg2 h5 35. Kh3 g4+ 36. Kg2 Nh6 37. Kf2 Ng8 38. Ne1 Nf6 39. Ng2 Ke6 40. Nf4+ Kd7 41. Ng6 Kc7 42. a4 Kd7 43. Ne5+ Kc7 44. Nf7 Kd7 45. Ng5 Kc7 46. Ne6+ Kc8 47. Nf4 Kc7 48. Ke2 Kc8 49. Kd2 Kc7 50. Kc3 Kc8 51. b5 axb5 52. axb5 Kc7 53. Kb4 Kc8 54. Ka5 Kc7 55. Ne6+ Kb8 56. Kb6 Nd7+ 57. Ka5 Nf6 58. bxc6 bxc6 59. Kb6 Ng8 60. Kxc6 Ne7+ 61. Kd6 Nf5+ 62. Kxd5 Nxe3+ 63. Kxe4 Nf1 64. Nf4 Nxh2 65. Nxh5 Nf1 66. d5 Nd2+ 67. Ke5 Kc7 68. Ke6 Ne4 69. d6+ Kc6 70. d7 Nxc5+ 71. Kf5 Nxd7 72. Kxg4 Kd6 73. Kg5 Ne5 74. Kf6 Ng4+ 75. Kg5 Nf2 76. Kf5 Ke7 77. Nf4 Kf7 78. Nh5 Ke7 79. Ng7 Kf7 80. Ne6 Ke7 81. Nf4 Kf7 82. Nd5 Kg7 83. Ne7 Kf7 84. Nc6 Kg7 85. Ne5 Kh7 86. Ng4 Nd3 87. Nf6+ Kg7 88. g4 Nc1 89. Nh5+ Kh6 90. Nf4 Nb3 91. Kf6 1-0


[Site "https://www.chess.com"]

[Event "Titled Tuesday Blitz August 17 2021"]
[White "Maghsoodloo, Parham"]
[Black "Karttunen, Mika"]
[WhiteFideId "12539929"]
[BlackFideId "502081"]
[WhiteElo "2601"]
[BlackElo "2343"]
[Result "1-0"]
[Round "05"]
[TimeControl "180+1"]
[Date "2021.08.17"]
[WhiteClock "0:01:42"]
[BlackClock "0:00:16"]

1. d4 Nf6 2. c4 g6 3. Nc3 d5 4. cxd5 Nxd5 5. Bd2 Nb6 6. Bf4 Bg7 7. e3 O-O 8. Nf3 c5 9. dxc5 Qxd1+ 10. Rxd1 Bxc3+ 11. bxc3 Na4 12. Bh6 Nc6 13. Bxf8 Kxf8 14. Nd4 Nxc5 15. Nxc6 bxc6 16. Rd8+ Kg7 17. Bc4 Bb7 18. Rxa8 Bxa8 19. f3 Kf8 20. h4 h5 21. Kd2 Bb7 22. Rb1 Ke8 23. e4 e5 24. Ke3 f6 25. g4 hxg4 26. fxg4 Kf8 27. Rf1 Ke7 28. g5 Nd7 29. gxf6+ Nxf6 30. Rg1 c5 31. Rxg6 Nh5 32. Re6+ Kd7 33. Rxe5 Nf6 34. Rf5 Nxe4 35. Rf7+ Kc8 36. Be6+ Kb8 37. Rxb7+ Kxb7 38. Kxe4 1-0


[Site "https://www.chess.com"]

[Event "Titled Tuesday Blitz August 17 2021"]
[White "Makhnev, Denis"]
[Black "Nitin, S."]
[WhiteFideId "13707647"]
[BlackFideId "5018277"]
[WhiteElo "2537"]
[BlackElo "2431"]
[Result "1-0"]
[Round "05"]
[TimeControl "180+1"]
[Date "2021.08.17"]
[WhiteClock "0:00:01"]
[BlackClock "0:00:01"]

1. d4 Nf6 2. c4 g6 3. Nc3 Bg7 4. e4 d6 5. h3 O-O 6. Be3 Na6 7. Nf3 c6 8. Bd3 e5 9. O-O exd4 10. Bxd4 Re8 11. Re1 Nc7 12. Qd2 Ne6 13. Be3 Nd7 14. Rad1 Ne5 15. Be2 Nxf3+ 16. Bxf3 Be5 17. Bg4 Qf6 18. Ne2 h5 19. Bxe6 Qxe6 20. b3 Qe7 21. Bg5 Qc7 22. f4 Bg7 23. Ng3 b5 24. cxb5 cxb5 25. Qxd6 Qb6+ 26. Kh2 Be6 27. e5 Bf8 28. Qd2 Bg7 29. Ne4 Rec8 30. Rc1 a5 31. Red1 a4 32. Nf6+ Kh8 33. bxa4 bxa4 34. a3 Rxc1 35. Rxc1 Rd8 36. Qc2 Rb8 37. Qxa4 Bxf6 38. Bxf6+ Kh7 39. Qd1 Qe3 40. Bg5 Rb2 41. Rc2 Rb3 42. a4 Qg3+ 43. Kh1 Bf5 44. Rd2 Rb1 45. a5 Qb3 46. Qxb1 Qxb1+ 47. Kh2 Be4 48. Bf6 g5 49. Bxg5 Qc1 50. Ra2 Qc4 51. Rf2 Qd4 52. Bh4 Qa4 53. Bd8 Qd4 54. Bb6 Qa4 55. Rd2 Kg6 56. Rd6+ Kg7 57. Rd4 Qc2 58. Kg3 Qxg2+ 59. Kh4 Qf2+ 60. Kxh5 Qf3+ 61. Kh4 Bf5 62. Rd3 Qxd3 63. Kg5 1-0


[Site "https://www.chess.com"]

[Event "Titled Tuesday Blitz August 17 2021"]
[White "Maksimovic, Bojan"]
[Black "Primbetov, Kazbek"]
[WhiteFideId "14408120"]
[BlackFideId "13702297"]
[WhiteElo "2439"]
[BlackElo "2184"]
[Result "0-1"]
[Round "05"]
[TimeControl "180+1"]
[Date "2021.08.17"]
[WhiteClock "0:00:07"]
[BlackClock "0:00:18"]

1. g3 d5 2. Bg2 c6 3. d3 Bg4 4. Nd2 Nd7 5. f3 Bh5 6. Nh3 e5 7. e4 Ngf6 8. Nf2 Bc5 9. O-O O-O 10. Kh1 a5 11. a4 Bb6 12. Qe2 Re8 13. b3 Bd4 14. Rb1 Nc5 15. Ba3 Ne6 16. Bh3 Bc3 17. Bxe6 Rxe6 18. g4 Bg6 19. Rfd1 h5 20. h3 Nh7 21. Bb2 Bxb2 22. Rxb2 Qh4 23. Kg2 Rae8 24. Rh1 Rf6 25. Rbb1 Ng5 26. Rbg1 Ne6 27. Kf1 Nd4 28. Qd1 Rf4 29. c3 Ne6 30. Qe1 Rd8 31. gxh5 Qxh5 32. Rg4 dxe4 33. dxe4 Rf6 34. Rhg1 Nf4 35. Rg5 Qh4 36. R1g4 Qh6 37. h4 Bh5 38. Rxg7+ Qxg7 39. Rxg7+ Kxg7 40. Qe3 Rg6 41. Nc4 f6 42. Qb6 Rd7 43. Qxa5 Bxf3 44. Qc5 Be2+ 45. Ke1 Rg1# 0-1


[Site "https://www.chess.com"]

[Event "Titled Tuesday Blitz August 17 2021"]
[White "Manukyan, Sargis A."]
[Black "Quparadze, Giga"]
[WhiteFideId "13303970"]
[BlackFideId "13602250"]
[WhiteElo "2187"]
[BlackElo "2658"]
[Result "0-1"]
[Round "05"]
[TimeControl "180+1"]
[Date "2021.08.17"]
[WhiteClock "0:00:21"]
[BlackClock "0:01:34"]

1. d4 Nf6 2. c4 e6 3. Nc3 Bb4 4. Bd2 O-O 5. Nf3 c5 6. a3 Bxc3 7. Bxc3 Ne4 8. Rc1 b6 9. e3 Bb7 10. Bd3 Nxc3 11. Rxc3 d6 12. O-O Nd7 13. Qc2 Bxf3 14. gxf3 cxd4 15. exd4 Qh4 16. Qd2 Kh8 17. Qe3 Nf6 18. Kh1 Rae8 19. Rg1 e5 20. d5 h6 21. Bf5 g6 22. Be4 Qf4 23. b4 Rc8 24. Qxf4 exf4 25. Rgc1 Rfe8 26. c5 bxc5 27. bxc5 Rxc5 28. Rxc5 dxc5 29. Rxc5 Nxe4 30. fxe4 Rxe4 31. Rc7 f3 32. h3 Kg7 33. Rxa7 Re2 34. Kg1 Rd2 35. Rd7 Ra2 36. Ra7 h5 37. h4 Rd2 38. Rd7 Rd4 39. Kh2 Rg4 40. d6 Rg2+ 41. Kh3 Rxf2 42. Kg3 Ra2 43. Ra7 f2 44. Kg2 Rd2 45. d7 Kf6 46. a4 Ke6 47. d8=Q Rxd8 48. Kxf2 Rd4 49. Kg3 Rd3+ 50. Kf4 Kf6 51. Ra6+ Kg7 52. Ra7 Rh3 53. Kg5 Rg3+ 54. Kf4 Rg4+ 55. Ke5 Rxh4 56. a5 Ra4 57. Kd6 h4 58. Ke7 h3 59. Ke8 Re4+ 60. Kd8 h2 61. Rc7 h1=Q 62. Rxf7+ Kxf7 0-1


[Site "https://www.chess.com"]

[Event "Titled Tuesday Blitz August 17 2021"]
[White "Matthiesen, Martin"]
[Black "Rustemov, Alexander"]
[WhiteFideId "1404067"]
[BlackFideId "4119002"]
[WhiteElo "2337"]
[BlackElo "2697"]
[Result "0-1"]
[Round "05"]
[TimeControl "180+1"]
[Date "2021.08.17"]
[WhiteClock "0:00:02"]
[BlackClock "0:00:09"]

1. d4 d5 2. c4 e6 3. Nf3 Nf6 4. Nc3 Be7 5. Bf4 O-O 6. e3 b6 7. Bd3 Bb7 8. O-O Nbd7 9. cxd5 exd5 10. Qe2 c5 11. Ba6 Qc8 12. Bxb7 Qxb7 13. dxc5 bxc5 14. Rfd1 Rfd8 15. Rd2 Nb6 16. b3 h6 17. Rad1 Rac8 18. h3 a6 19. Rd3 Bf8 20. Bh2 Re8 21. Qc2 c4 22. bxc4 dxc4 23. Rd4 Bc5 24. Rf4 Re6 25. Nd4 Bxd4 26. Rfxd4 Qc6 27. Qd2 Na4 28. f3 Nxc3 29. Qxc3 Qa4 30. R1d2 Ree8 31. e4 a5 32. e5 Nh7 33. Rg4 Nf8 34. Rd6 Qb4 35. Qc1 Ne6 36. Bg3 h5 37. Rh4 g6 0-1


[Site "https://www.chess.com"]

[Event "Titled Tuesday Blitz August 17 2021"]
[White "Maximov, Dmitry"]
[Black "Sokolin, Leonid"]
[WhiteFideId "14105659"]
[BlackFideId "2009161"]
[WhiteElo "2494"]
[BlackElo "2394"]
[Result "0-1"]
[Round "05"]
[TimeControl "180+1"]
[Date "2021.08.17"]
[WhiteClock "0:00:06"]
[BlackClock "0:00:09"]

1. e4 c5 2. Nf3 Nc6 3. Bb5 g6 4. Bxc6 bxc6 5. O-O Bg7 6. Re1 Qc7 7. Nc3 e5 8. a3 a5 9. Rb1 Rb8 10. d3 Ne7 11. h3 O-O 12. Ne2 f5 13. exf5 Nxf5 14. Bd2 a4 15. Bc3 d5 16. Ng3 Nd4 17. Nh2 Qf7 18. Qd2 h5 19. h4 Kh7 20. Bxd4 cxd4 21. Nf3 Bh6 22. Qe2 Re8 23. Nxd4 Bg4 24. Nf3 Qf4 25. Qe3 Qxe3 26. fxe3 Re6 27. Kh2 Rf8 28. Rf1 Kg7 29. e4 d4 30. Ng5 Ref6 31. Rxf6 Rxf6 32. Rf1 Rxf1 33. Nxf1 Bd1 34. c3 Bc2 35. cxd4 Bxd3 36. Nd2 Bxg5 37. hxg5 exd4 38. Kg3 Kf7 39. Kf4 Ke6 40. Nf3 c5 41. Ne5 Bc2 42. Nxg6 c4 43. Ne5 c3 44. bxc3 dxc3 45. Nc6 Kd6 46. Nb4 Bb3 47. Ke3 Ke5 48. Nd3+ Ke6 49. Kd4 c2 50. Nc1 Kf7 51. Kc3 Kg6 52. Kb2 Kxg5 53. Nxb3 axb3 54. a4 Kf4 55. a5 Kxe4 56. a6 Ke3 57. Kc1 Kd3 58. Kb2 Kd2 59. a7 c1=Q+ 60. Kxb3 Qa1 61. Kc4 Qxa7 62. Kd5 Qg7 63. Ke4 Qxg2+ 64. Kf4 h4 65. Ke5 h3 66. Kf6 h2 0-1


[Site "https://www.chess.com"]

[Event "Titled Tuesday Blitz August 17 2021"]
[White "Maze, Sebastien"]
[Black "Bortnyk, Olexandr"]
[WhiteFideId "613762"]
[BlackFideId "14120828"]
[WhiteElo "2462"]
[BlackElo "2723"]
[Result "1-0"]
[Round "05"]
[TimeControl "180+1"]
[Date "2021.08.17"]
[WhiteClock "0:00:04"]
[BlackClock "0:00:04"]

1. e4 Nf6 2. e5 Nd5 3. d4 d6 4. c4 Nb6 5. exd6 exd6 6. Nc3 Be7 7. Bd3 O-O 8. Nge2 Bg4 9. f3 Bh4+ 10. Kf1 Bh5 11. Nf4 Bg6 12. Nxg6 fxg6 13. Be3 Nc6 14. Qd2 Kh8 15. b3 Qf6 16. Be4 Rae8 17. Rg1 Qf7 18. g3 Bd8 19. Bf2 Rxe4 20. Nxe4 Qxf3 21. Re1 d5 22. cxd5 Nxd5 23. Rg2 Be7 24. Ng5 Bxg5 25. Qxg5 Nxd4 26. Qd2 Qg4 27. h3 Qxh3 28. Qxd4 Qh1+ 29. Rg1 Qh3+ 30. Rg2 Qh1+ 31. Rg1 Qf3 32. Re2 c6 33. Qe4 Qf6 34. Kg2 Nc3 35. Qd3 Nxe2 36. Qxe2 b6 37. Rf1 Qd6 38. Bg1 Qd5+ 39. Kh2 Rg8 40. Qf3 Qb5 41. Kg2 c5 42. Be3 h6 43. Rf2 Kh7 44. Bc1 Qa5 45. Bb2 Qb4 46. Qf7 b5 47. Qd5 c4 48. bxc4 bxc4 49. Qd4 a5 50. Bc3 Qb7+ 51. Kh2 Qa6 52. Rf7 1-0


[Site "https://www.chess.com"]

[Event "Titled Tuesday Blitz August 17 2021"]
[White "McBryde, Lamel"]
[Black "Prraneeth Vuppala"]
[WhiteFideId "2058596"]
[BlackFideId "46622373"]
[WhiteElo "2136"]
[BlackElo "1759"]
[Result "0-1"]
[Round "05"]
[TimeControl "180+1"]
[Date "2021.08.18"]
[WhiteClock "0:00:04"]
[BlackClock "0:00:53"]

1. Nf3 d5 2. b3 Bg4 3. Bb2 Bxf3 4. exf3 e6 5. d4 Nf6 6. Bd3 g6 7. O-O Bg7 8. Nd2 O-O 9. Qe2 Nc6 10. c3 Ne7 11. Ba3 Re8 12. Bxe7 Qxe7 13. f4 c5 14. Nf3 Nd7 15. Ne5 Rac8 16. Rac1 Nxe5 17. dxe5 a6 18. c4 d4 19. Be4 Red8 20. Qf3 Rc7 21. Rfe1 b5 22. Bd3 b4 23. a3 bxa3 24. Ra1 Rb8 25. Rxa3 Rcb7 26. Be4 Rb6 27. Rea1 f5 28. Bc2 g5 29. g3 gxf4 30. gxf4 Kh8 31. Kh1 Rg8 32. Rxa6 Rxa6 33. Rxa6 Bh6 34. Ra8 Bf8 35. Bd1 Qg7 36. Qg3 Qb7+ 37. Qf3 Qb4 38. Qe2 d3 39. Qxd3 Qe1+ 0-1


[Site "https://www.chess.com"]

[Event "Titled Tuesday Blitz August 17 2021"]
[White "Mekhitarian, Krikor Sevag"]
[Black "Kadam, Om Manish"]
[WhiteFideId "2107660"]
[BlackFideId "45076294"]
[WhiteElo "2598"]
[BlackElo "1729"]
[Result "0-1"]
[Round "05"]
[TimeControl "180+1"]
[Date "2021.08.17"]
[WhiteClock "0:00:05"]
[BlackClock "0:01:47"]

1. c4 c5 2. Nc3 Nc6 3. g3 g6 4. Bg2 Bg7 5. Nf3 e5 6. O-O Nge7 7. Ne1 O-O 8. Nc2 d6 9. Ne3 Be6 10. Ncd5 Qd7 11. d3 Nd4 12. Nxe7+ Qxe7 13. Nd5 Qd7 14. e3 Nc6 15. Rb1 Ne7 16. Nxe7+ Qxe7 17. b4 Rab8 18. bxc5 dxc5 19. Bd5 f5 20. e4 f4 21. Qg4 Bxd5 22. exd5 Qd6 23. Re1 fxg3 24. hxg3 b6 25. Kg2 Rbe8 26. Re4 Qf6 27. Be3 Qf5 28. a4 Rf6 29. a5 Ref8 30. axb6 axb6 31. Ra1 R6f7 32. Rb1 Rf6 33. Qe2 Qd7 34. Bg5 Rxf2+ 35. Qxf2 Rxf2+ 36. Kxf2 Qf5+ 37. Kg2 Qxg5 38. Rb2 h5 39. Kh2 Qc1 40. Rxb6 Qd2+ 41. Kh3 Qxd3 42. Rb8+ Kh7 43. Re1 Qxc4 44. d6 Qe6+ 45. Kg2 Qxd6 46. Rb7 Qd5+ 0-1


[Site "https://www.chess.com"]

[Event "Titled Tuesday Blitz August 17 2021"]
[White "Melikhov, Evgeny V."]
[Black "Chirila, Ioan-Cristian"]
[WhiteFideId "4122046"]
[BlackFideId "1211668"]
[WhiteElo "1957"]
[BlackElo "2445"]
[Result "0-1"]
[Round "05"]
[TimeControl "180+1"]
[Date "2021.08.17"]
[WhiteClock "0:00:06"]
[BlackClock "0:00:58"]

1. d4 Nf6 2. c4 g6 3. Nc3 d5 4. Nf3 Bg7 5. e3 O-O 6. Be2 c5 7. O-O dxc4 8. Bxc4 Bg4 9. h3 cxd4 10. exd4 Bxf3 11. Qxf3 Nc6 12. Be3 Rc8 13. Bb3 Na5 14. Nd5 Nxb3 15. Nxf6+ Bxf6 16. axb3 Qb6 17. d5 Qxb3 18. Rxa7 Qxb2 19. d6 exd6 20. Rxb7 Qe5 21. Bf4 Qe6 22. Rd1 Be5 23. Bxe5 dxe5 24. Qd5 Qf5 25. Rd7 Rc2 26. Rd2 Rc1+ 27. Kh2 Rf1 28. Qf3 Qb1 29. g3 Qe1 30. Kg2 Rg1+ 31. Kh2 e4 32. Rd1 exf3 33. Rxe1 Rxe1 0-1


[Site "https://www.chess.com"]

[Event "Titled Tuesday Blitz August 17 2021"]
[White "Mirzanurov, Bulat"]
[Black "Yeletsky, Ivan"]
[WhiteFideId "4184521"]
[BlackFideId "24180327"]
[WhiteElo "2208"]
[BlackElo "2344"]
[Result "0-1"]
[Round "05"]
[TimeControl "180+1"]
[Date "2021.08.17"]
[WhiteClock "0:02:25"]
[BlackClock "0:02:45"]

1. e4 e5 2. Nf3 Nc6 3. Bc4 Nf6 4. d3 Bc5 5. c3 d6 6. O-O a6 7. Bb3 Ba7 8. h3 h6 9. Re1 g5 10. d4 g4 11. hxg4 Nxg4 12. dxe5 Nxf2 13. Qe2 Ng4+ 14. Kh1 Ncxe5 15. Nxe5 Qh4# 0-1


[Site "https://www.chess.com"]

[Event "Titled Tuesday Blitz August 17 2021"]
[White "Mogirzan, Matei-Valeriu"]
[Black "Amburgy, Ryan"]
[WhiteFideId "1257455"]
[BlackFideId "30924820"]
[WhiteElo "1733"]
[BlackElo "2066"]
[Result "1-0"]
[Round "05"]
[TimeControl "180+1"]
[Date "2021.08.17"]
[WhiteClock "0:00:19"]
[BlackClock "0:00:18"]

1. e4 c6 2. d4 d5 3. Nc3 dxe4 4. Nxe4 Nf6 5. Nxf6+ exf6 6. Bd3 Qxd4 7. Nf3 Qd8 8. Bf4 Be7 9. Qe2 Be6 10. O-O-O Qa5 11. a3 O-O 12. Nd4 Re8 13. Nxe6 fxe6 14. Qxe6+ Kh8 15. Qh3 h5 16. Bf5 g6 17. Bxg6 Bxa3 18. Bxe8 Bxb2+ 19. Kxb2 Qb4+ 20. Qb3 Qxf4 21. Rd8 Qe5+ 22. Kb1 Na6 23. Rxa8 Nc5 24. Qb2 Qe7 25. Bxc6+ Kg7 26. Bxb7 Nxb7 27. Rxa7 Qe2 28. Qxb7+ Kg6 29. Qh7+ Kg5 30. Qg7+ Kf5 31. Qd7+ Kg5 32. Qd3 Qe6 33. Qe3+ 1-0


[Site "https://www.chess.com"]

[Event "Titled Tuesday Blitz August 17 2021"]
[White "Molina, Roberto Junio Brito"]
[Black "Perrine, Dalton"]
[WhiteFideId "2109450"]
[BlackFideId "2048434"]
[WhiteElo "2402"]
[BlackElo "2467"]
[Result "1-0"]
[Round "05"]
[TimeControl "180+1"]
[Date "2021.08.17"]
[WhiteClock "0:00:52"]
[BlackClock "0:00:04"]

1. d4 d5 2. c4 c6 3. cxd5 cxd5 4. Bg5 f6 5. Bd2 Nc6 6. e4 dxe4 7. Nc3 Qxd4 8. Nge2 Qe5 9. Bf4 Qa5 10. Ng3 e5 11. Bd2 Be6 12. Ngxe4 O-O-O 13. Bb5 Nd4 14. Bd3 Kb8 15. O-O Ne7 16. b4 Qa3 17. Nc5 Qxb4 18. N3a4 Qa3 19. Bc1 Qb4 20. Rb1 Bb3 21. axb3 Nec6 22. Bd2 1-0


[Site "https://www.chess.com"]

[Event "Titled Tuesday Blitz August 17 2021"]
[White "Moroni, Luca Jr"]
[Black "Shahaliyev, Ismayil"]
[WhiteFideId "865834"]
[BlackFideId "13406388"]
[WhiteElo "2491"]
[BlackElo "2105"]
[Result "0-1"]
[Round "05"]
[TimeControl "180+1"]
[Date "2021.08.17"]
[WhiteClock "0:00:03"]
[BlackClock "0:00:06"]

1. d4 Nf6 2. c4 e6 3. Nc3 Bb4 4. Nf3 O-O 5. Bg5 c5 6. Rc1 h6 7. Bh4 cxd4 8. Nxd4 Nc6 9. e3 Ne5 10. Bg3 d6 11. Qc2 Nh5 12. a3 Bc5 13. Be2 Nxg3 14. hxg3 Bxd4 15. exd4 Nc6 16. Qd2 e5 17. dxe5 dxe5 18. Qxd8 Rxd8 19. Bf3 Nd4 20. O-O Be6 21. Bd5 Bxd5 22. Nxd5 Ne2+ 23. Kh2 Nxc1 24. Rxc1 Kf8 25. Re1 f6 26. a4 Rac8 27. b3 a6 28. g4 b5 29. axb5 axb5 30. Ne3 Rd3 31. cxb5 Rxb3 32. Ra1 Rxb5 33. Ra7 Rbc5 34. Kg3 R5c7 35. Ra6 Kf7 36. Nf5 Rd8 37. f3 Rcd7 38. Rb6 g6 39. Nxh6+ Kg7 40. g5 f5 41. Re6 e4 42. fxe4 fxe4 43. Rxe4 Rd3+ 44. Kh2 R8d4 45. Re7+ Kf8 46. Rf7+ Ke8 47. Rg7 Rh4+ 48. Kg1 Rd6 49. Kf2 Re6 50. Kg3 Rd4 51. Ng4 Kf8 52. Ra7 Rd5 53. Kh4 Re7 54. Ra8+ Kg7 55. Nf6 Rd4+ 56. g4 Re3 57. Ra7+ Kf8 58. Ra8+ Kf7 59. Ra7+ Ke6 60. Ra8 Rdd3 61. Re8+ Kf7 62. Rxe3 Rxe3 63. Nd5 Rd3 64. Nf4 Ra3 65. Nd5 Ke6 66. Nf4+ Kf7 67. Nd5 Ra5 68. Nf6 Ra3 69. Ne4 Re3 70. Nd6+ Ke6 71. Nc4 Rf3 72. Nd2 Re3 73. Nf1 Rb3 74. Nd2 Rd3 75. Ne4 Ke5 76. Nc5 Rd5 77. Nb3 Kf4 78. Nc1 Rd2 79. Kh3 Kf3 80. Nb3 Rd1 81. Kh2 Kxg4 82. Nc5 Rd2+ 83. Kg1 Rc2 84. Ne4 Kf4 85. Nf6 Kxg5 86. Nd5 Rd2 87. Ne3 Kf4 88. Nc4 Rc2 89. Nd6 g5 90. Nf7 g4 91. Nd6 g3 92. Nb5 Ke3 93. Kf1 Rf2+ 94. Kg1 Rb2 95. Nd6 Kf3 96. Nc4 Rb1# 0-1


[Site "https://www.chess.com"]

[Event "Titled Tuesday Blitz August 17 2021"]
[White "Moskalenko, Alexander"]
[Black "Matinian, Nikita"]
[WhiteFideId "4155351"]
[BlackFideId "24129100"]
[WhiteElo "2495"]
[BlackElo "2410"]
[Result "1-0"]
[Round "05"]
[TimeControl "180+1"]
[Date "2021.08.17"]
[WhiteClock "0:01:22"]
[BlackClock "0:00:14"]

1. Nf3 Nf6 2. b4 g6 3. Bb2 Bg7 4. c4 d6 5. g3 e5 6. d3 O-O 7. Bg2 a5 8. a3 axb4 9. axb4 Rxa1 10. Bxa1 Bg4 11. O-O Qc8 12. Re1 Bh3 13. Bh1 Qf5 14. Nc3 Nbd7 15. Nb5 Ne8 16. Bb2 c6 17. Nc3 Qh5 18. b5 Nc5 19. bxc6 bxc6 20. d4 Ne6 21. d5 cxd5 22. Nxd5 e4 23. Bxg7 Kxg7 24. Nd4 Qe5 25. Nc6 Qb2 26. Bxe4 Nc5 27. Bg2 Bxg2 28. Kxg2 Nf6 29. Qa1 Qxa1 30. Rxa1 Re8 31. e3 Re4 32. Ra7 Rxc4 33. Nxf6 Kxf6 34. Nd8 Ke5 35. Rxf7 Rc2 36. Nc6+ Ke4 37. Rf4+ 1-0


[Site "https://www.chess.com"]

[Event "Titled Tuesday Blitz August 17 2021"]
[White "Muradov, Soltan"]
[Black "Sovetbekova, Nurai"]
[WhiteFideId "14002108"]
[BlackFideId "13801910"]
[WhiteElo "1854"]
[BlackElo "1516"]
[Result "0-1"]
[Round "05"]
[TimeControl "180+1"]
[Date "2021.08.18"]
[WhiteClock "0:00:06"]
[BlackClock "0:00:07"]

1. d4 Nf6 2. c4 g6 3. Nc3 d5 4. g3 Bg7 5. cxd5 Nxd5 6. Bg2 Nxc3 7. bxc3 O-O 8. Nf3 Nc6 9. O-O e5 10. Ba3 Re8 11. e3 Be6 12. Nd2 exd4 13. cxd4 Qd7 14. Nb3 b6 15. Rc1 Bd5 16. Bxd5 Qxd5 17. Qc2 Re6 18. Qc4 Qf3 19. d5 Ne5 20. Qf4 Ree8 21. Rxc7 Qxd5 22. e4 Qe6 23. Nd4 Qxa2 24. Bd6 Nd3 25. Qe3 Nc5 26. Nc6 Rxe4 27. Qf3 Ree8 28. h4 h5 29. Rd1 Qe6 30. Bxc5 bxc5 31. Nxa7 Be5 32. Rcd7 Bd4 33. Qb7 Qe2 34. Rf1 Qe6 35. Nb5 Rad8 36. Rc7 Be5 37. Rc6 Qd5 38. Nc7 Bxc7 39. Rxc7 Qe6 40. Rxc5 Rd7 41. Qf3 Red8 42. Rg5 Qe7 43. Ra5 Kh7 44. Rb5 Qe6 45. Kg2 Rd5 46. Rb7 Rf5 47. Qb3 Qc6+ 48. Kh2 Qf6 49. Kg2 Rd2 50. Qe3 Rc2 51. Re7 Rc6 52. Re4 Re6 53. Re5 Rexe5 54. Qc3 Qe6 55. Qc7 Qd5+ 56. Kh2 Re2 57. Kg1 Rexf2 58. Rxf2 Qd1+ 59. Kg2 Qd5+ 60. Kg1 Qd4 0-1


[Site "https://www.chess.com"]

[Event "Titled Tuesday Blitz August 17 2021"]
[White "Murzin, Volodar"]
[Black "Levitskiy, Andrey"]
[WhiteFideId "44155573"]
[BlackFideId "14132885"]
[WhiteElo "2541"]
[BlackElo "2340"]
[Result "1/2-1/2"]
[Round "05"]
[TimeControl "180+1"]
[Date "2021.08.17"]
[WhiteClock "0:00:03"]
[BlackClock "0:00:10"]

1. e4 c5 2. Nf3 d6 3. Bb5+ Nc6 4. O-O Bd7 5. Re1 Nf6 6. c3 a6 7. Bf1 Bg4 8. h3 Bxf3 9. Qxf3 e6 10. d3 Be7 11. Be3 O-O 12. Nd2 d5 13. exd5 Nxd5 14. Ne4 Nxe3 15. Qxe3 Qd5 16. Be2 Rad8 17. Red1 Kh8 18. g3 f5 19. Nd2 f4 20. gxf4 Bd6 21. Bf3 Qf5 22. Bg4 Qg6 23. Qxe6 Rf6 24. f5 Qh6 25. Qe4 Ne5 26. Nf3 Nxf3+ 27. Qxf3 Qg5 28. Qe3 Bf4 29. Qe7 Rdf8 30. Kh1 h5 31. Bf3 Qxf5 32. Bg2 Bd6 33. Qe2 Qf4 34. Kg1 Qh2+ 35. Kf1 Rxf2+ 36. Qxf2 Rxf2+ 37. Kxf2 Qg3+ 38. Kg1 Bf4 39. Re1 Be3+ 40. Kh1 Bf4 41. Re8+ Kh7 42. Kg1 Be3+ 43. Kh1 Bf4 44. Kg1 Be3+ 45. Kh1 Bf4 1/2-1/2


[Site "https://www.chess.com"]